[Event "Live Chess"]
[Site "Chess.com"]
[Date "2023.05.21"]
[Round "-"]
[White "Doge_Dandolo"]
[Black "Nazarenko_vital"]
[Result "0-1"]
[WhiteElo "1908"]
[BlackElo "1614"]
[TimeControl "300"]
[EndTime "22:03:03 PDT"]
[Termination "Nazarenko_vital won by checkmate"]

1. Nf3 Nf6 2. c4 d5 3. cxd5 Qxd5 4. g3 c6 5. Bg2 Qa5 6. Nc3 e6 7. d4 h5 8. Bf4 Qd8 9. Qb3 Bd6 10. Bxd6 Qxd6 11.
Rd1 Nbd7 12. O-O Nb6 13. e4 O-O 14. e5 Qe7 15. exf6 Qxf6 16. a4 Nd5 17. Nxd5 exd5 18.
Ne5 h4 19. gxh4 Qxh4 20. Qg3 Qxg3 21. fxg3 f6 22. Nd3 Bg4 23. Rde1 Rfe8 24. Nc5 b6 25. Nd3 Be2 26. Rxe2 Rxe2 27. Nb4 Rxb2 28. Nxc6 Kf8 29.
Re1 Re8 30. Rxe8+ Kxe8 31. Nxa7 Rb4 32. Bxd5 Rxd4 33. Bf3 Kf7 34. Bc6 Ke6 35. Bb5 Rd1+ 36. Kg2 Rd2+ 37. Kh3 f5 38. Nc6 g5 39. Nb4 g4+ 40. Kh4 Kf6 41. h3 Rd8 42. hxg4 Rh8# 0-1

[Event "Live Chess"]
[Site "Chess.com"]
[Date "2023.05.21"]
[Round "-"]
[White "Conradical12"]
[Black "Hacker_2009"]
[Result "0-1"]
[WhiteElo "1631"]
[BlackElo "1935"]
[TimeControl "300"]
[EndTime "22:03:51 PDT"]
[Termination "Hacker_2009 won by resignation"]

1. e4 c5 2. Nf3 d6 3. Bc4 e6 4. d4 cxd4 5. Nxd4 Nf6 6. Nc3 a6 7.
O-O Be7 8. Bd3 O-O 9. f4 b5 10.
e5 dxe5 11. fxe5 Qxd4+ 12. Rf2 Qxe5 13. Bf4 Qh5 14. Be2 Qc5 15. Bd3 Bb7 16. a3 Nc6 17.
Qe2 Qb6 18. Bg5 h6 19. Bxf6 Bxf6 20. Rf1 Bd4 21. Qe4 Bxf2+ 22. Kh1 g6 23. a4 Ne7 24.
a5 Qc7 25. Rxf2 Bxe4 26. Bxe4 0-1

[Event "Live Chess"]
[Site "Chess.com"]
[Date "2023.05.21"]
[Round "-"]
[White "ExIsambard"]
[Black "KeithArkell"]
[Result "0-1"]
[WhiteElo "1919"]
[BlackElo "2556"]
[TimeControl "300"]
[EndTime "22:04:21 PDT"]
[Termination "KeithArkell won by resignation"]

1. d4 e6 2. Nf3 Nf6 3. Bg5 c5 4. c3 cxd4 5. cxd4 Bb4+ 6. Nbd2 Nc6 7. a3 Bxd2+ 8. Qxd2 Ne4 9. Bxd8 Nxd2 10. Kxd2 Kxd8 11. e3 b6 12. Bd3 Bb7 13. Rhg1 Na5 14. Ng5 Ke7 15.
Rae1 h6 16. Ne4 Rac8 17. Nc3 Nc4+ 18. Bxc4 Rxc4 19. g4 g5 20. Rc1 h5 21. b3 Rcc8 22. h3 hxg4 23. hxg4 Rh2 24. Ke1 Bf3 25. Rg3 Rh1+ 26.
Kd2 Rxc1 27. Kxc1 Bxg4 28. Kd2 f5 29. f3 Bh5 30. Rxg5 Bxf3 31. Rg7+ Kd6 32. Nb5+ Kd5 33. Nxa7 Rh8 34. Rxd7+ Ke4 35. Nb5 Rh2+ 36. Kc3 Kxe3 37. Re7 Bd5 38. Nc7 Ke4 39. Nxe6 Rh3+ 40. Kb4 Rxb3+ 41.
Ka4 b5+ 42. Ka5 Bxe6 43. Rxe6+ Kxd4 44. Rf6 Ke5 45. Rf8 Rxa3+ 46. Kxb5 Rc3 47. Kb4 Rc1 48. Kb3 f4 49. Kb2 Rc6 50. Re8+ Kd4 51. Kb3 f3 52. Rf8 Ke3 53. Kb4 f2 54. Kb5 Rc1 55. Re8+ Kd4 56.
Rd8+ Ke5 57. Re8+ Kd6 58. Rf8 f1=Q+ 0-1

[Event "Live Chess"]
[Site "Chess.com"]
[Date "2023.05.21"]
[Round "-"]
[White "Rusty_Bridges"]
[Black "smoggyrabbit"]
[Result "1-0"]
[WhiteElo "1482"]
[BlackElo "1739"]
[TimeControl "300"]
[EndTime "22:04:48 PDT"]
[Termination "Rusty_Bridges won on time"]

1. e4 e6 2. Nf3 d5 3. exd5 exd5 4. Nc3 c6 5. d4 Bd6 6. Bd3 Ne7 7. O-O O-O 8. Bg5 f6 9. Bh4 Bf5 10. Re1 Bxd3 11. Qxd3 Na6 12. a3 Qd7 13. Bg3 Bxg3 14. hxg3 Ng6 15. Ne2 Rfe8 16. Nf4 Nxf4 17. gxf4 Rxe1+ 18. Rxe1 Re8 19. Rf1 Re4 20. g3 Qg4 21. Kg2 Nc7 22.
Rh1 Ne6 23. Kf1 g5 24. Nd2 Nxf4 25. gxf4 Qd1+ 26. Kg2 Qg4+ 27. Qg3 Qxg3+ 28. Kxg3 gxf4+ 29. Kf3 Rxd4 30. Ke2 Kg7 31. Rh3 Kg6 32. Nf3 Re4+ 33. Kd2 Re8 34. Nd4 Kg5 35. Rxh7 Re4 36. c3 Kg4 37. Rg7+ 1-0

[Event "Live Chess"]
[Site "Chess.com"]
[Date "2023.05.21"]
[Round "-"]
[White "Long1968"]
[Black "Tushinskiy"]
[Result "0-1"]
[WhiteElo "1055"]
[BlackElo "2212"]
[TimeControl "300"]
[EndTime "22:06:33 PDT"]
[Termination "Tushinskiy won on time"]

1. e4 e5 2. f4 d6 3. d4 exd4 4. Nf3 Nc6 5. Bc4 Bg4 6. O-O Nf6 7. e5 dxe5 8. fxe5 Nxe5 9. Re1 Bd6 10. Qe2 O-O 11.
h3 Nxf3+ 12. gxf3 Bxh3 13. Bg5 Re8 14. Qxe8+ Qxe8 15. Rxe8+ Rxe8 16. Nd2 h6 17. Bxf6 gxf6 18. Ne4 Be7 19. Re1 Kf8 20. Kh2 Bf5 21. Bd5 c6 22.
Bb3 Bb4 23. Re2 Bxe4 24. fxe4 Re5 25. Kg3 Ke7 26. a3 Bd6 27. Kf3 b5 28. Rd2 c5 29.
c3 d3 30. Rxd3 c4 31. Rxd6 Kxd6 0-1

[Event "Live Chess"]
[Site "Chess.com"]
[Date "2023.05.21"]
[Round "-"]
[White "Doge_Dandolo"]
[Black "Shepherds_Pie"]
[Result "0-1"]
[WhiteElo "1900"]
[BlackElo "1920"]
[TimeControl "300"]
[EndTime "22:06:35 PDT"]
[Termination "Shepherds_Pie won by resignation"]

1. Nf3 Nf6 2. c4 c5 3. g3 d5 4. cxd5 Nxd5 5. Bg2 Nc6 6. O-O Nc7 7. Nc3 e5 8. d3 Be7 9. Be3 O-O 10. Rc1 f6 11.
Ne4 b6 12. a3 Bb7 13. Bd2 Rc8 14. b4 cxb4 15. axb4 Kh8 16. Qb3 Nb5 17. Rc2 Ncd4 18. Nxd4 Nxd4 19. Rxc8 Qxc8 20. Qb2 Qc2 21. Qxc2 Nxc2 22.
Rb1 Nd4 23. Kf1 h6 24. e3 Ne6 25. Bc3 Rd8 26. Ke2 f5 27. Nd2 Bxg2 0-1

[Event "Live Chess"]
[Site "Chess.com"]
[Date "2023.05.21"]
[Round "-"]
[White "tpm07"]
[Black "MaximKhimchenko"]
[Result "0-1"]
[WhiteElo "1920"]
[BlackElo "1359"]
[TimeControl "300"]
[EndTime "22:06:38 PDT"]
[Termination "MaximKhimchenko won by checkmate"]

1. e4 e5 2. Nf3 Nc6 3. Bb5 Nf6 4. d3 a6 5. Bxc6 dxc6 6. Nxe5 Bc5 7. O-O h5 8. Be3 Bd6 9. Nc4 Bxh2+ 10. Kxh2 Ng4+ 11. Kg1 Qh4 12. Bf4 Qf6 13. Qd2 h4 14. e5 Qg6 15.
Qe2 h3 16. Qe4 Bf5 17. Qf3 O-O-O 18. g3 Be6 19. Nc3 b5 20. Na5 b4 21. Na4 Bd5 22. Qe2 h2# 0-1

[Event "Live Chess"]
[Site "Chess.com"]
[Date "2023.05.21"]
[Round "-"]
[White "Nazarenko_vital"]
[Black "Conradical12"]
[Result "1-0"]
[WhiteElo "1622"]
[BlackElo "1623"]
[TimeControl "300"]
[EndTime "22:07:56 PDT"]
[Termination "Nazarenko_vital won by resignation"]

1. e4 e5 2. Nf3 Nc6 3. d4 exd4 4. Nxd4 Nf6 5. Nc3 Bc5 6. Be3 Bxd4 7. Bxd4 O-O 8. Be2 Nxd4 9. Qxd4 b6 10. Bf3 Bb7 11.
O-O-O a5 12. e5 Bxf3 13. gxf3 Ne8 14. Rhg1 a4 15. Qxd7 Qxd7 16. Rxd7 a3 17. b3 g6 18. Nb5 Ng7 19. Nxc7 Rac8 20. Nd5 Rfe8 21. Nf6+ Kf8 1-0

[Event "Live Chess"]
[Site "Chess.com"]
[Date "2023.05.21"]
[Round "-"]
[White "seabuck"]
[Black "mirandaasilva"]
[Result "1-0"]
[WhiteElo "1886"]
[BlackElo "1683"]
[TimeControl "300"]
[EndTime "22:08:17 PDT"]
[Termination "seabuck won by resignation"]

1. d4 Nf6 2. c4 g6 3. Nc3 Bg7 4. e4 d6 5. Be2 O-O 6. Nf3 Nh5 7. O-O e5 8. dxe5 dxe5 9. Bg5 Qxd1 10. Rfxd1 c6 11.
g3 Be6 12. Be7 Re8 13. Bd6 Nd7 14. c5 a5 15. Rd2 h6 16. Rad1 Rac8 17. b3 Kh7 18.
Na4 Nhf6 19. Nc3 b5 20. cxb6 Nxb6 21. Nxe5 Nfd7 22. f4 Nxe5 23. fxe5 Nd7 24. Ba6 Ra8 25.
Bb7 Ra7 26. Bxc6 Nxe5 27. Bxe5 Bxe5 28. Bxe8 Bxc3 29. Rc2 Bb4 30. Kg2 a4 31. Bxa4 Re7 32. Bc6 Bd6 33. Bd5 Be5 34. a4 1-0

[Event "Live Chess"]
[Site "Chess.com"]
[Date "2023.05.21"]
[Round "-"]
[White "BostonStrangler"]
[Black "chessfiction"]
[Result "0-1"]
[WhiteElo "2062"]
[BlackElo "2353"]
[TimeControl "300"]
[EndTime "22:08:43 PDT"]
[Termination "chessfiction won on time"]

1. Nf3 d5 2. c4 d4 3. g3 e5 4.
Nxe5 Bd6 5. Nf3 h5 6. h4 Bg4 7. Bg2 Nf6 8. d3 Nc6 9. Bg5 Qd7 10. Nbd2 O-O-O 11. Qa4 Rhe8 12. Kf1 Qe6 13. Re1 Qf5 14. Bxf6 gxf6 15. Ne4 Rxe4 16. dxe4 Qxe4 17. Ng5 Qf5 18.
Ne4 d3 19. exd3 Bb4 20. Re3 Kb8 21. a3 Bf8 22. b4 Bh6 23. b5 Bxe3 24. bxc6 Rxd3 25.
Kg1 Bxf2+ 26. Nxf2 Rd2 27. Ne4 Rd1+ 28. Kh2 Rxh1+ 29.
Bxh1 Qc8 30. Nc5 Bf3 0-1

[Event "Live Chess"]
[Site "Chess.com"]
[Date "2023.05.21"]
[Round "-"]
[White "LutherSullivan"]
[Black "Biranidun"]
[Result "0-1"]
[WhiteElo "2178"]
[BlackElo "2544"]
[TimeControl "300"]
[EndTime "22:08:57 PDT"]
[Termination "Biranidun won by resignation"]

1. e4 c5 2. Nf3 d6 3. d4 cxd4 4.
Nxd4 Nf6 5. Nc3 g6 6. Be3 Bg7 7. f3 O-O 8. Qd2 Nc6 9. O-O-O d5 10. exd5 Nxd5 11. Nxc6 bxc6 12. Bd4 e5 13. Bc5 Re8 14. Ne4 Qc7 15. h4 f5 16. Ng5 h6 17. Nh3 Rb8 18. h5 e4 19. Bd4 e3 20. Qd3 Bxd4 21. Qxd4 e2 22. Bxe2 Rxe2 23. hxg6 Qb6 24. b3 Qxd4 25. Rxd4 Be6 26. c4 Nb4 27. Nf4 Nxa2+ 28. Kd1 Nc3+ 29.
Kc1 Rxb3 30. Rd8+ Kg7 31. Nxe6+ Rxe6 32. Kc2 Ra3 33. Kb2 Ra2+ 34. Kxc3 c5 35. Rhd1 Re3+ 36. R1d3 Ra3+ 37. Kd2 Raxd3+ 38. Rxd3 Rxd3+ 39. Kxd3 Kxg6 40. Ke3 Kg5 41. g3 a5 42. Kd3 h5 43. Kc3 f4 0-1

[Event "Live Chess"]
[Site "Chess.com"]
[Date "2023.05.21"]
[Round "-"]
[White "raminguy"]
[Black "Singapourfeuj"]
[Result "0-1"]
[WhiteElo "1969"]
[BlackElo "2194"]
[TimeControl "300"]
[EndTime "22:09:52 PDT"]
[Termination "Singapourfeuj won by resignation"]

1. d4 Nf6 2. Nc3 d5 3. Bf4 e6 4. Nb5 Na6 5. e3 c6 6. Nc3 Bd6 7. Bxa6 bxa6 8. Bxd6 Qxd6 9. Nf3 c5 10. O-O cxd4 11. exd4 O-O 12. a3 Rb8 13. Rb1 Bd7 14. Ne5 Rfc8 15. Nxd7 Qxd7 16. Re1 h6 17. h3 Rc4 18.
Qd3 Qc7 19. Rec1 g6 20. Qe3 Kg7 21. f3 Nh5 22. Qe5+ Qxe5 23. dxe5 Nf4 24. Kf2 g5 25.
Nd1 d4 26. b3 Rc5 27. Kf1 Rxe5 28. Nf2 f5 29. g3 Nd5 30. Nd3 Re3 31. Kf2 Nc3 32. Re1 Nxb1 33. Rxb1 Kf6 34. Rb2 e5 35.
Nc5 Rc8 36. Nxa6 Rcc3 37. Nb4 Rxf3+ 38. Ke2 Rce3+ 39. Kd2 Rf2+ 40. Kd1 Rxg3 41. Nd3 Rxd3+ 0-1

[Event "Live Chess"]
[Site "Chess.com"]
[Date "2023.05.21"]
[Round "-"]
[White "profpirate4"]
[Black "1PRK1"]
[Result "1-0"]
[WhiteElo "1107"]
[BlackElo "1364"]
[TimeControl "300"]
[EndTime "22:10:00 PDT"]
[Termination "profpirate4 won by resignation"]

1. d4 Nf6 2. c4 d6 3. Nc3 g6 4. f3 Bg7 5. e4 O-O 6. Be3 Nbd7 7. Be2 e5 8. d5 Ne8 9. Qd2 Nc5 10. h4 f5 11. h5 f4 12. Bxc5 dxc5 13. hxg6 hxg6 14.
O-O-O Nf6 15. Rh3 Kf7 16. Bd3 Nh5 17. Nge2 Bxh3 18. gxh3 Qd7 19. Rg1 Qxh3 20. Kc2 Qxf3 21. Nc1 Qe3 22. Qg2 Ng3 23. N1e2 Rad8 24. Rf1 Nxe2 25.
Nxe2 f3 26. Rxf3+ Qf4 27. Rxf4+ exf4 28. Nxf4 Rd6 29. Qe2 Rb6 30. e5 Re8 31. e6+ Kg8 32. Qg4 Rxb2+ 33. Kd1 Rxa2 34. Qxg6 Ra1+ 35. Ke2 Ra2+ 36.
Kf3 Ra3 37. Qxe8+ 1-0

[Event "Live Chess"]
[Site "Chess.com"]
[Date "2023.05.21"]
[Round "-"]
[White "chessfiction"]
[Black "Rusty_Bridges"]
[Result "1-0"]
[WhiteElo "2353"]
[BlackElo "1482"]
[TimeControl "300"]
[EndTime "22:10:21 PDT"]
[Termination "chessfiction won by resignation"]

1. e4 d6 2. d4 Nf6 3. Nc3 Nbd7 4. f4 e5 5. Nf3 exd4 6. Nxd4 Be7 7. Bd3 O-O 8. O-O c5 9. Nf5 Nb6 10. Nxe7+ Qxe7 11. Qf3 Bg4 12. Qg3 g6 13. e5 dxe5 14. fxe5 Qxe5 15.
Qxe5 1-0

[Event "Live Chess"]
[Site "Chess.com"]
[Date "2023.05.21"]
[Round "-"]
[White "Tushinskiy"]
[Black "Doge_Dandolo"]
[Result "1-0"]
[WhiteElo "2214"]
[BlackElo "1898"]
[TimeControl "300"]
[EndTime "22:11:00 PDT"]
[Termination "Tushinskiy won by resignation"]

1. d4 d5 2. c3 Bf5 3. Nf3 e6 4. Bf4 c6 5. Nbd2 Nf6 6. e3 Bd6 7. Bg3 O-O 8. Be2 Qc7 9. b4 Nbd7 10. Qb3 b5 11. O-O a5 12. a3 Ra7 13. a4 bxa4 14.
Rxa4 Rfa8 15. Rfa1 Bxg3 16. hxg3 Be4 17. Qa2 Bxf3 18.
gxf3 e5 19. Rxa5 Rxa5 20. bxa5 c5 21. dxe5 Nxe5 22. f4 Neg4 23. Bxg4 Nxg4 24. Qxd5 1-0

[Event "Live Chess"]
[Site "Chess.com"]
[Date "2023.05.21"]
[Round "-"]
[White "KeithArkell"]
[Black "Hacker_2009"]
[Result "1-0"]
[WhiteElo "2556"]
[BlackElo "1935"]
[TimeControl "300"]
[EndTime "22:11:21 PDT"]
[Termination "KeithArkell won by checkmate"]

1. d4 Nf6 2. Nf3 e6 3. c4 d5 4.
cxd5 Nxd5 5. Nc3 b6 6. Nxd5 Qxd5 7. g3 Bb7 8. Bg2 c5 9. Nh4 Qd7 10.
dxc5 Qxd1+ 11. Kxd1 Bxg2 12. Nxg2 Bxc5 13. Be3 Bxe3 14.
Nxe3 O-O 15. Rc1 Nd7 16. f3 Nc5 17. Ke1 Rac8 18. Kf2 Rfd8 19. Rhd1 Kf8 20. Rxd8+ Rxd8 21. b4 Na6 22. a3 Rd7 23. Rc8+ Ke7 24. g4 Nc7 25. g5 f6 26. Rh8 fxg5 27. Rxh7 Kf6 28. Ng4+ Kg6 29. Rh8 Rd1 30. Rf8 Ra1 31. Ne5+ Kh7 32.
Rf7 Nb5 33. Kg3 Rxa3 34. Kg4 Re3 35. Nc6 Kg6 36. Re7 Rxe2 37. Nd8 Kf6 38. Rf7+ Kg6 39. Re7 e5 40. Re6+ Kh7 41. Nf7 Nd4 42. Nxg5+ Kg8 43.
Re8# 1-0

[Event "Live Chess"]
[Site "Chess.com"]
[Date "2023.05.21"]
[Round "-"]
[White "chessfiction"]
[Black "1PRK1"]
[Result "1-0"]
[WhiteElo "2353"]
[BlackElo "1364"]
[TimeControl "300"]
[EndTime "22:12:35 PDT"]
[Termination "chessfiction won by resignation"]

1. e4 c5 2. Nf3 d6 3. d4 cxd4 4.
Nxd4 Nf6 5. Nc3 a6 6. f4 e6 7.
Bd3 Be7 8. O-O O-O 9. Kh1 Qb6 10. Be3 Qxb2 11. Qd2 Qa3 12. Rab1 Qa5 13. Nd5 Qxd2 14.
Nxe7+ Kh8 15. Bxd2 b5 16. e5 Nd5 17. exd6 Nxe7 18.
dxe7 Re8 19. Bb4 a5 20. Bd6 b4 21. Be4 Ra6 22. Bxb8 1-0

[Event "Live Chess"]
[Site "Chess.com"]
[Date "2023.05.21"]
[Round "-"]
[White "smoggyrabbit"]
[Black "RockTroll"]
[Result "0-1"]
[WhiteElo "1738"]
[BlackElo "2230"]
[TimeControl "300"]
[EndTime "22:12:45 PDT"]
[Termination "RockTroll won by resignation"]

1. d4 d5 2. Nf3 Nf6 3. e3 c5 4. b3 Nc6 5. Bb2 cxd4 6. exd4 g6 7. Be2 Bg7 8. O-O O-O 9. c4 Bf5 10.
Nc3 dxc4 11. bxc4 Qb6 12. Ba3 Rfd8 13. d5 Ne4 14. Nxe4 Bxa1 15. Qxa1 Bxe4 16. dxc6 Bxc6 17.
Bxe7 Re8 18. Qf6 Qc7 19. Bd6 Qd8 20. Qxd8 Raxd8 21. Be5 Bxf3 22. Bxf3 Rxe5 23. Bxb7 Ra5 24. Rc1 Rxa2 25. c5 Rc2 26. Re1 Rxc5 27. h3 a5 28. Re7 a4 29. Bf3 Ra5 30. Re1 a3 31. Ra1 Rb8 32. Be2 a2 33. Bd3 Rb2 34. Kf1 Rd5 35.
Be4 Rdd2 36. f4 Rf2+ 37. Ke1 Rbe2+ 38. Kd1 Rxe4 0-1

[Event "Live Chess"]
[Site "Chess.com"]
[Date "2023.05.21"]
[Round "-"]
[White "Shepherds_Pie"]
[Black "Long1968"]
[Result "1-0"]
[WhiteElo "1920"]
[BlackElo "1055"]
[TimeControl "300"]
[EndTime "22:13:33 PDT"]
[Termination "Shepherds_Pie won on time"]

1. c4 e5 2. Nc3 c6 3. Nf3 Qc7 4. d4 exd4 5. Qxd4 Nf6 6. Bf4 d6 7. Rd1 Kd7 8. g3 c5 9. Qd3 Nc6 10. Bh3+ Ke8 11. Bxc8 Rxc8 12. Nb5 Qd7 13. Bxd6 Be7 14.
Bxe7 Qxd3 15. Rxd3 Kxe7 16. O-O Rhd8 17. Rfd1 Rxd3 18. Rxd3 Rd8 19. Rxd8 Kxd8 20. Nd6 b6 21. Nxf7+ Ke7 22. N7g5 h6 23. Nh3 g5 24. Nd2 Nb4 25.
a3 Nc2 26. Kf1 Nd4 27. e3 Ne6 28. Ng1 1-0

[Event "Live Chess"]
[Site "Chess.com"]
[Date "2023.05.21"]
[Round "-"]
[White "Nazar_777"]
[Black "ExIsambard"]
[Result "0-1"]
[WhiteElo "1622"]
[BlackElo "1921"]
[TimeControl "300"]
[EndTime "22:14:15 PDT"]
[Termination "ExIsambard won by checkmate"]

1. e3 d5 2. h4 c5 3. a3 Nc6 4. c4 d4 5. Nf3 e5 6. b3 Nf6 7. Bd3 e4 8. Bf1 exf3 9. gxf3 dxe3 10. dxe3 Qxd1+ 11. Kxd1 Ne5 12. Ke2 Be6 13. Nc3 O-O-O 14. Bd2 Bf5 15. Rd1 Bd3+ 16. Ke1 Nxf3# 0-1

[Event "Live Chess"]
[Site "Chess.com"]
[Date "2023.05.21"]
[Round "-"]
[White "Hacker_2009"]
[Black "Tushinskiy"]
[Result "0-1"]
[WhiteElo "1932"]
[BlackElo "2217"]
[TimeControl "300"]
[EndTime "22:14:18 PDT"]
[Termination "Tushinskiy won by resignation"]

1. d4 d5 2. Nf3 c6 3. e3 Nf6 4. c4 e6 5. cxd5 exd5 6. Nc3 Bd6 7. Be2 O-O 8. O-O Be6 9. b3 Nbd7 10. Bb2 Qe7 11.
Rc1 Rae8 12. Qc2 Bg4 13. Na4 Bh5 14. Nc5 Nxc5 15. dxc5 Bb8 16. Nd4 Bg6 17. Bd3 Ng4 18. h3 Nxe3 19. fxe3 Qxe3+ 20. Kh1 Bxd3 0-1

[Event "Live Chess"]
[Site "Chess.com"]
[Date "2023.05.21"]
[Round "-"]
[White "Conradical12"]
[Black "YrrriKharkiv"]
[Result "1/2-1/2"]
[WhiteElo "1630"]
[BlackElo "2046"]
[TimeControl "300"]
[EndTime "22:14:45 PDT"]
[Termination "Game drawn by stalemate"]

1. e4 e6 2. d4 d5 3. exd5 exd5 4. Nf3 Bd6 5. Bd3 Ne7 6. c3 Nd7 7. Qc2 c5 8. Be3 Nc6 9. Nbd2 Nf6 10. O-O-O cxd4 11. Nxd4 O-O 12. h4 Re8 13. h5 h6 14. Nxc6 bxc6 15.
Nf3 Ng4 16. Rde1 c5 17. Bh7+ Kh8 18. Bf5 d4 19. cxd4 cxd4 20. Bxd4 Rxe1+ 21. Rxe1 Bxf5 22. Qxf5 Qc8+ 23. Qxc8+ Rxc8+ 24. Kb1 a5 25. Bb6 a4 26. Nd4 Nxf2 27. Nf5 Bb4 28. Bxf2 Bxe1 29. Bxe1 Rc5 30. g4 Rc4 31. Bc3 Rxg4 32. Bxg7+ Rxg7 33. Nxg7 Kxg7 34. b4 axb3 35. axb3 Kf6 36. b4 Ke5 37. Kc2 f5 38. Kd2 Kd4 39. b5 Kc5 40. Ke3 Kxb5 41. Kf4 Kc6 42. Kxf5 Kd7 43. Kg6 Ke8 44. Kxh6 Kf8 45. Kh7 Kf7 46. h6 Kf8 47. Kh8 Kf7 48. h7 Kf8 1/2-1/2

[Event "Live Chess"]
[Site "Chess.com"]
[Date "2023.05.21"]
[Round "-"]
[White "LutherSullivan"]
[Black "Singapourfeuj"]
[Result "1/2-1/2"]
[WhiteElo "2178"]
[BlackElo "2194"]
[TimeControl "300"]
[EndTime "22:15:17 PDT"]
[Termination "Game drawn by repetition"]

1. e4 c5 2. Nf3 d6 3. d4 cxd4 4. Nxd4 Nf6 5. Nc3 a6 6. Be3 e5 7. Nb3 Be7 8. f3 Be6 9. Qd2 h5 10. O-O-O Nbd7 11. Nd5 Bxd5 12. exd5 Nb6 13. Bg5 Nfxd5 14.
Bxe7 Qxe7 15. c4 Rc8 16. Kb1 Nf6 17. Qxd6 Qxd6 18. Rxd6 Nxc4 19. Bxc4 Rxc4 20. Rb6 Rc7 21. Rc1 Rxc1+ 22. Kxc1 O-O 23. Rxb7 e4 24. Kd2 exf3 25.
gxf3 Rd8+ 26. Ke2 h4 27. Ra7 Rd6 28. Nc5 Rc6 29. b4 Nd5 30. Rxa6 Nxb4 31. Rxc6 Nxc6 32. Kd3 f5 33. Kc4 g5 34. a4 g4 35. fxg4 fxg4 36. Ne4 Kf7 37. Kb5 Nb8 38. a5 Ke6 39.
Kb6 Kf5 40. Nf2 g3 41. hxg3 hxg3 42. Nh3 Kg4 43. Ng1 g2 44. Kb7 Nd7 45. Kc7 Nc5 46.
Kb6 Nd7+ 47. Kc7 Nc5 48. Kc6 Na6 49. Kb6 Nb8 50. Kc5 Kg3 51. Kb6 Kf2 52. Nh3+ Kg3 53.
Ng1 Kf2 54. Nh3+ Kg3 55. Ng1 1/2-1/2

[Event "Live Chess"]
[Site "Chess.com"]
[Date "2023.05.21"]
[Round "-"]
[White "RockTroll"]
[Black "chessfiction"]
[Result "1-0"]
[WhiteElo "2250"]
[BlackElo "2342"]
[TimeControl "300"]
[EndTime "22:16:25 PDT"]
[Termination "RockTroll won by resignation"]

1. Nf3 e5 2. Nxe5 Nc6 3. Nf3 g5 4. d4 g4 5. Ng1 d5 6. Bf4 Qf6 7. e3 Nge7 8. c4 Be6 9. cxd5 Nxd5 10. Bg3 Bb4+ 11. Nd2 O-O-O 12. a3 Ba5 13. b4 Bb6 14. Rc1 Rhe8 15. Bb5 Bd7 16. Ne2 Nxd4 17. Bxd7+ Rxd7 18. exd4 Rde7 19. O-O Rxe2 20. Nc4 R8e5 21. dxe5 1-0

[Event "Live Chess"]
[Site "Chess.com"]
[Date "2023.05.21"]
[Round "-"]
[White "raminguy"]
[Black "Biranidun"]
[Result "0-1"]
[WhiteElo "1968"]
[BlackElo "2545"]
[TimeControl "300"]
[EndTime "22:16:30 PDT"]
[Termination "Biranidun won by resignation"]

1. d4 Nf6 2. Nc3 d5 3. Bf4 g6 4. e3 Bg7 5. h4 c6 6. Be2 h5 7.
Nf3 Bg4 8. Ne5 Bxe2 9. Qxe2 Nbd7 10. O-O-O Rc8 11. Nd3 Qa5 12. Kb1 b5 13. Qd2 b4 14.
Ne2 Ne4 15. Qe1 c5 16. dxc5 Ndxc5 17. Nxc5 Qxc5 18. Rc1 O-O 19. f3 Nd6 20. Bxd6 Qxd6 21. Nd4 Rc4 22. Nb3 Qe5 23. c3 bxc3 24. Rxc3 Rxc3 25.
Qxc3 Qxc3 26. bxc3 Rc8 27. Rc1 Rxc3 28. Rxc3 Bxc3 29.
Kc2 Be1 30. Nd4 e6 31. Nc6 a6 32. Nb8 a5 33. Nc6 a4 34. a3 Bxh4 35. Nb4 Be7 36. Kc3 Bc5 37. Nc2 Kf8 38. Kd3 Ke7 39. e4 Kd6 40.
exd5 Kxd5 0-1

[Event "Live Chess"]
[Site "Chess.com"]
[Date "2023.05.21"]
[Round "-"]
[White "mirandaasilva"]
[Black "Nazarenko_vital"]
[Result "1/2-1/2"]
[WhiteElo "1682"]
[BlackElo "1623"]
[TimeControl "300"]
[EndTime "22:16:48 PDT"]
[Termination "Game drawn by agreement"]

1. Nf3 Nf6 2. c4 d5 3. cxd5 Qxd5 4. Nc3 Qa5 5. g3 Bf5 6. Bg2 c6 7. d3 e6 8. Bd2 Qc7 9. O-O Nbd7 10. Rc1 a6 11.
Nd4 Bg6 12. Na4 h5 13. Qb3 Bd6 14. Nxc6 bxc6 15. Rxc6 Qd8 16. Rxd6 O-O 17. Nb6 Rb8 18. Ba5 Qc7 19. Nxd7 Qxd6 20. Nxb8 Rxb8 21. Qc4 Rxb2 22. Bc3 Rxe2 23. Bxf6 gxf6 24. Be4 Kg7 25. Bxg6 Kxg6 26. h4 Rd2 27. Qe4+ Kg7 28. Qf3 Qc5 1/2-1/2

[Event "Live Chess"]
[Site "Chess.com"]
[Date "2023.05.21"]
[Round "-"]
[White "LutherSullivan"]
[Black "Conradical12"]
[Result "1-0"]
[WhiteElo "2179"]
[BlackElo "1629"]
[TimeControl "300"]
[EndTime "22:17:12 PDT"]
[Termination "LutherSullivan won by resignation"]

1. e4 e5 2. Nc3 Nc6 3. Bc4 Nf6 4. d3 Bc5 5. Nf3 d6 6. Ne2 Ng4 7. O-O f5 8. exf5 Bxf5 9. Ng3 d5 10. Bb5 Bd7 11. d4 e4 12. dxc5 exf3 13. Qxf3 Qh4 14. Re1+ Nce5 15. Bxd7+ Kxd7 16. Qf5+ Kd8 17. Bg5+ Qxg5 18.
Qxg5+ 1-0

[Event "Live Chess"]
[Site "Chess.com"]
[Date "2023.05.21"]
[Round "-"]
[White "KeithArkell"]
[Black "matt1979"]
[Result "1-0"]
[WhiteElo "2556"]
[BlackElo "1503"]
[TimeControl "300"]
[EndTime "22:18:21 PDT"]
[Termination "KeithArkell won by resignation"]

1. d4 e6 2. Nf3 f5 3. g3 Nf6 4. Bg2 Be7 5. O-O O-O 6. b3 d6 7. Bb2 Qe8 8. Nbd2 a5 9. Re1 Nbd7 10. e4 fxe4 11. Nxe4 Nxe4 12. Rxe4 Qg6 13. Re1 Kh8 14.
Qe2 Nf6 15. Rad1 Bd7 16. a4 Nd5 17. c4 Nb6 18. Qe4 Qxe4 19. Rxe4 Rf6 20. c5 Nd5 21. cxd6 cxd6 22. Ng5 h6 23. Nh3 Raf8 24. f4 Re8 25.
Re2 Rg6 26. Rde1 Bd8 27. Bxd5 exd5 28. Rxe8+ 1-0

[Event "Live Chess"]
[Site "Chess.com"]
[Date "2023.05.21"]
[Round "-"]
[White "Doge_Dandolo"]
[Black "CheckThis4"]
[Result "0-1"]
[WhiteElo "1897"]
[BlackElo "2492"]
[TimeControl "300"]
[EndTime "22:19:01 PDT"]
[Termination "CheckThis4 won by resignation"]

1. Nf3 d5 2. c4 d4 3. b4 g6 4.
g3 Bg7 5. d3 e5 6. Bg2 a5 7.
Qa4+ Nd7 8. O-O Ne7 9. Nbd2 O-O 10. Ng5 Nb6 11. Qb3 axb4 12. Nge4 Nc6 13. f4 f5 14. Ng5 h6 15. c5+ Kh8 16. Nf7+ Rxf7 17. Qxf7 Na4 18. Qxg6 Nc3 19. fxe5 Nxe2+ 20. Kh1 Nxe5 21.
Qh5 Ng4 22. Nf3 Be6 23. h3 Nxg3+ 24. Kg1 Nxh5 25. hxg4 fxg4 26. Nd2 Ng3 27. Re1 Bd5 28. Ne4 Bxe4 29. dxe4 d3 30. Bf4 Bxa1 0-1

[Event "Live Chess"]
[Site "Chess.com"]
[Date "2023.05.21"]
[Round "-"]
[White "MaximKhimchenko"]
[Black "Singapourfeuj"]
[Result "0-1"]
[WhiteElo "1359"]
[BlackElo "2194"]
[TimeControl "300"]
[EndTime "22:19:24 PDT"]
[Termination "Singapourfeuj won by resignation"]

1. e4 c5 2. Nf3 d6 3. d4 cxd4 4. Nxd4 Nf6 5. Nc3 a6 6. Bg5 Nbd7 7. Bc4 Qc7 8. Bb3 h6 9. Bxf6 Nxf6 10. O-O e6 11. f4 Bd7 12. f5 e5 13. Nf3 Bc6 14.
Nd5 Bxd5 15. Bxd5 Nxd5 16. Qxd5 Qc6 17. c4 Qxd5 18. cxd5 Rc8 19. Rac1 Rxc1 20. Rxc1 Kd7 21. Nd2 b5 22. b3 Be7 23. a4 Bg5 24. Rc2 Bxd2 25. Rxd2 Rc8 26. Kf2 Rc3 27. axb5 axb5 28. Rb2 b4 29. g3 g6 30. f6 g5 31. g4 Rh3 32. Kg2 Re3 33. Ra2 Rxe4 34. Ra7+ Kd8 35.
Rxf7 Rf4 36. Rf8+ Kd7 37. Rf7+ Ke8 38. Ra7 Rxf6 39. Ra8+ Kf7 40. Ra7+ Kg6 41. Ra4 Rf4 42. Ra6 Rxg4+ 43. Kh3 Rd4 44. Rxd6+ Kh5 45. Rd8 Rd3+ 46. Kg2 Rxb3 47. d6 Rd3 48. d7 b3 49. Rb8 Rxd7 50.
Rxb3 e4 51. Re3 Rd2+ 52. Kg3 Rd3 53. Rxd3 exd3 54. Kf2 Kg4 55. Ke3 Kh3 56. Kxd3 Kxh2 57. Ke2 g4 0-1